 Dungeon Crawl Stone Soup version 0.30-a0-393-g54b8e3be05 (webtiles) character file.

Game seed: 525888679927294779

3553 kae the Transmogrifier (level 9, -6/66 (76) HPs)
             Began as a Yellow Draconian Transmuter on Dec 5, 2022.
             Was an Initiate of Ru.
             Mangled by a wight
             ... wielding a +0 battleaxe
              (17 damage)
             ... on level 8 of the Dungeon.
             The game lasted 00:10:15 (8097 turns).

kae the Transmogrifier (DrTm)                       Turns: 8097, Time: 00:10:16

HP:   -6/66 (76)    AC:  8    Str: 11    XL:     9   Next: 83%
MP:   16/17         EV: 10    Int: 18    God:    Ru [......]
Gold: 464           SH:  0    Dex: 11    Spells: 9/19 levels left

rFire   . . .      SeeInvis .      - Unarmed
rCold   + + +      Faith    .    (shield currently unavailable)
rNeg    . . .      Spirit   .    (body armour unavailable)
rPois   +          Reflect  .    (helmet currently unavailable)
rElec   .          Harm     .    (cloak currently unavailable)
rCorr   +          Rampage  .    (gloves currently unavailable)
Will    .....                    (boots currently unavailable)
Stlth   +.........               (no amulet)
HPRegen 0.31/turn                R - ring of resist corrosion
MPRegen 0.15/turn                F - ring of protection from fire

@: ice-form, wereblooded, heavily drained
A: freezing attack, amphibious, boosted hp, (spit acid), AC +7, large, unfitting
armour, weak 1, (cold-blooded), (acid resistance)
a: End Transformation, Renounce Religion


You were on level 8 of the Dungeon.
You worshipped Ru.
Ru was noncommittal.
You were a creature of crystalline ice.
You visited 2 branches of the dungeon, and saw 9 of its levels.

You collected 470 gold pieces.
You spent 6 gold pieces at shops.


Innate Abilities, Weirdness & Mutations

You are a creature of crystalline ice.
You have a powerful freezing melee attack.
You are amphibious.
Your maximum health is increased.
Your armour is entirely melded.
You are incapable of wielding weapons or throwing items.
((You can spit globs of acid.))
((Your golden yellow scales are hard. (AC +7)))
You cannot fit into any form of body armour.
You are weak. (Str -2)
((You are cold-blooded and may be slowed by cold attacks.))
((You are resistant to acid. (rCorr)))


   Skills:
 - Level 1.1 Fighting
 - Level 1.7 Dodging
 + Level 6.6 Unarmed Combat
 + Level 5.6 Spellcasting
 * Level 8.5 Transmutations
 * Level 7.3 Ice Magic
 - Level 2.4 Poison Magic


You had 9 spell levels left.
You knew the following spells:

 Your Spells              Type           Power      Damage    Failure   Level
a - Beastly Appendage     Tmut           70%        N/A       1%          1
b - Wereblood             Tmut           35%        N/A       1%          2
c - Spider Form           Tmut/Pois      24%        N/A       4%          3
d - Ice Form              Ice/Tmut       33%        N/A       4%          4

Your spell library contained the following spells:

 Spells                   Type           Power      Damage    Failure   Level
 Sting                    Tmut/Pois      96%        1d7       1%          1
 Poisonous Vapours        Pois/Air       18%        N/A       12%         2
 Static Discharge         Conj/Air       10%        2-3/arc   19%         2
 Sublimation of Blood     Necr           5%         N/A       19%         2
 Vhi's Electric Charge    Tloc/Air       10%        N/A       36%         3
 Olgreb's Toxic Radiance  Pois           13%        N/A       41%         4
 Arcjolt                  Conj/Air       2%         1d12      98%         5
 Lightning Bolt           Conj/Air       2%         1d14      98%         5
 Summon Hydra             Summ           2%         N/A       100%        7

Inventory:

Missiles
 b - 10 poisoned darts
 e - 71 stones
 k - 10 boomerangs
 l - 4 javelins
Jewellery
 C - a ring of ice
   (You found it on level 5 of the Dungeon)
 F - a ring of protection from fire (right front paw)
   (You found it on level 7 of the Dungeon)
 R - a ring of resist corrosion (left front paw)
   (You found it on level 3 of the Dungeon)
 S - a +6 ring of strength
   (You found it on level 8 of the Dungeon)
Wands
 n - a wand of mindburst (12)
   (You found it on level 2 of the Dungeon)
 t - a wand of roots (16)
   (You found it on level 6 of the Dungeon)
 u - a wand of light (10)
   (You found it on level 6 of the Dungeon)
 w - a wand of charming (7)
   (You found it on level 7 of the Dungeon)
 y - a wand of flame (26)
   (You took it off Pikel on level 7 of the Dungeon)
Scrolls
 c - 2 scrolls of fog
 i - 2 scrolls of magic mapping {!r}
 q - a scroll of immolation {!r!r}
 r - 2 scrolls of amnesia
 s - a scroll of poison {!r}
 x - 4 scrolls of teleportation {@r4}
Potions
 a - 4 potions of lignification {!q}
 d - 7 potions of curing {@q1}
 f - 3 potions of mutation {!q}
 g - 2 potions of brilliance {unknown}
 h - a potion of flight
 j - 4 potions of heal wounds {@q2}
 m - a potion of haste {@q3}
 o - a potion of degeneration {!q}
 p - 2 potions of magic {unknown}

Dungeon Overview and Level Annotations

Branches:
Dungeon (8/15) Zot: 26104  Temple (1/1) D:4 Zot: 5851
   Lair: D:8-11

Altars:
Ashenzari
Dithmenos
Elyvilon
Gozag
Hepliaklqana
Kikubaaqudgha
Nemelex Xobeh
Okawaru
Qazlal
Ru
Sif Muna
Trog
Vehumet
Wu Jian
Xom
Yredelemnul
Zin
The Shining One

Shops:
D:5

* #...........##..# #
#..########.##..##
#.#..########.......
#.#...............).
#....########.......
#####.#..########.......
#......................#
.......................)
.#####Y#######.#.#....#
#z# #.........#..#


zz# #####.###.#..# ...# ##.# #.#..# ....# #..# #.#..# .....# ##..###.#..#
#.....# #........... #.....# ##..###..... #...>......# You could see 3 wights.


Message History

An orc wizard is nearby!
There is an open door here.
You closely miss the orc wizard.
The orc wizard gestures at you while chanting.
You easily resist. 😎 MP[+1]
An orc wizard is nearby!
An orc wizard is nearby!
You barely miss the orc wizard.
The orc wizard hits you but does no damage.
Space warps around you.
You punch the orc wizard! You freeze the orc wizard. 😕 HP[-2]
You take 2 damage, and now have 74/76 hp.
An orc wizard is nearby!
You punch the orc wizard! You freeze the orc wizard.
You kill the orc wizard!
No target in view! 😕 HP[+1]
Things that are here:
a +2 dagger of distortion {!w}; a +0 robe 😎 HP[+1] MP[+2]
Your hp is fully restored (76).
Your mp is fully restored (17).
There is an open door here. 4 wights come into view.
A wight is wielding a +2 hand axe of freezing.
The wight moves out of view.
There are monsters nearby!
There are monsters nearby!
There are monsters nearby!
The wight closely misses you.
The wight hits you with a +2 hand axe of freezing. 😕 HP[-3]
You take 3 damage, and now have 73/76 hp.
Casting: Ice Form (dangerous; 4% risk of failure)
Confirm with . or Enter, or press ? or * to list all spells.
Your blood is infused with primal strength.
The wight completely misses you. The wight hits you but does no damage.
The wight misses you.
The wight hits you with a +2 hand axe of freezing!
You feel drained. 😕 HP[-12] MP[-2]
You now have 74 max hp (-2).
You take 12 damage, and now have 61/74 hp.
You lost 2 mp, and now have 15/17 mp.
You hit the wight but do no damage. The wight closely misses you. x2
You hit the wight but do no damage.
The wight hits you from afar with a +4 spear.
The wight misses you.
You punch the wight! The wight closely misses you.
The wight hits you with a +2 hand axe of freezing. 😕 HP[-3]
You take 3 damage, and now have 58/74 hp.
You hit the wight.
The wight hits you with a +2 hand axe of freezing.
The wight hits you from afar with a +4 spear.
You feel drained. 😮 HP[-11]
You now have 72 max hp (-2).
You take 11 damage, and now have 47/72 hp.
You hit the wight.
The wight hits you with a +2 hand axe of freezing.
You feel drained.
The wight hits you from afar with a +4 spear.
* * * LOW HITPOINT WARNING * * *
😨 HP[-13] MP[+1]
You now have 70 max hp (-2).
You take 13 damage, and now have 34/70 hp.
You punch the wight!
You feel a bit better.
You destroy the wight!
The wight hits you from afar with a +4 spear!
* * * LOW HITPOINT WARNING * * *
😨 HP[-5]
You now have 72 max hp (+2).
You take 5 damage, and now have 29/72 hp.
You hit the wight but do no damage. You hit the wight.
The wight hits you from afar with a +4 spear.
* * * LOW HITPOINT WARNING * * *
You feel drained.
The wight hits you with a +3 great sword!
* * * LOW HITPOINT WARNING * * *
You feel drained. 😨 HP[-11]
You now have 67 max hp (-5).
You take 11 damage, and now have 18/67 hp.
You punch the wight!
You feel a bit better.
You destroy the wight!
The wight barely misses you. 😨 HP[+3]
You now have 68 max hp (+1).
You regained 3 hp, and now have 21/68 hp.
You punch the wight!
The wight hits you from afar with a +4 spear!
* * * LOW HITPOINT WARNING * * *
You feel drained.
* * * LOW HITPOINT WARNING * * *
A wight comes into view. It is wielding a +1 war axe.
The wight hits you with a +0 battleaxe!
You die...

Skill      XL: |  1  2  3  4  5  6  7  8  9 |
---------------+----------------------------+-----
Transmutations | 3 4 5 7 8 |  8.5
Poison Magic   | 1 2 |  2.4
Unarmed Combat | 4 5 6 |  6.6
Spellcasting   | 3 4 5 |  5.6
Ice Magic      | 2 3 5 7 |  7.3
Fighting       | |  1.1
Dodging        | |  1.7

Action                   |  1- 3 |  4- 6 |  7- 9 || total
-------------------------+-------+-------+-------++-------
Melee: Unarmed           |   109 |   159 |   225 ||   493
       Kick              |    18 |    15 |       ||    33
       Tailslap          |    10 |    12 |     2 ||    24
       Headbutt          |    14 |     7 |       ||    21
       Punch             |     2 |     1 |       ||     3
 Cast: Beastly Appendage |    25 |    16 |       ||    41
       Spider Form       |       |    10 |     3 ||    13
       Ice Form          |       |     2 |    29 ||    31
       Wereblood         |       |       |     3 ||     3
Invok: Sacrifice Purity  |       |       |     1 ||     1
 Abil: End Transformatio |       |     1 |       ||     1
       Breathe Acid      |       |       |     6 ||     6
  Use: Scroll            |       |    12 |     9 ||    21
       Potion            |       |       |     1 ||     1
 Stab: Sleeping          |       |     1 |       ||     1
Armor: Skin              |    51 |    29 |    79 ||   159
Dodge: Dodged            |    81 |    94 |   114 ||   289

Levels and vault maps discovered:
D:1:      wander_arrival_estate, layout_loops_corners, minmay_tiny_reverse_x
D:2:      layout_rooms
D:3:      layout_rooms, evilmike_ruin_ashenzari,
          hellmonk_ecumenical_altar_lost_god, uniq_terence, uniq_natasha
D:4:      layout_layer_cave, minmay_temple_entry_arrows, uniq_duvessa,
          uniq_pargi
D:5:      layout_gridville, dk_xom_monty_hall, serial_bayou_ford_a,
          nicolae_shop_clearance
D:6:      layout_basic, amcnicky_altar_gilded, elyvilon_altar_5
D:7:      layout_basic, general_overflow_altar, mrwooster_statue_mirror,
          uniq_menkaure, uniq_pikel
D:8:      layout_basic, palyth_temple_overflow_mages
Temple:   nicolae_temple_two_arcs

Notes
Turn   | Place    | Note
-------+----------+-------------------------------------------
     0 | D:1      | kae the Draconian Transmuter began the quest for the Orb.
     0 | D:1      | Reached XP level 1. HP: 16/16 MP: 3/3
     0 | D:1      | magus.rc [v1.11.3]
   289 | D:1      | Reached XP level 2. HP: 23/23 MP: 3/5
   929 | D:1      | Reached XP level 3. HP: 24/28 MP: 6/6
   932 | D:1      | Learned a level 2 spell: Wereblood
   936 | D:1      | Learned a level 3 spell: Spider Form
  1010 | D:2      | Reached skill level 3 in Transmutations
  1254 | D:2      | Reached skill level 1 in Poison Magic
  1316 | D:2      | Reached XP level 4. HP: 31/35 MP: 5/7
  2097 | D:3      | Found a faded altar of an unknown god.
  2128 | D:3      | Noticed Terence
  2193 | D:3      | Killed Terence
  2194 | D:3      | Reached XP level 5. HP: 38/40 MP: 5/9
  2197 | D:3      | Identified the +3 rapier of the Unkillable {venom, Str+5
                  | Dex+2}
  2423 | D:3      | Found a broken altar of Ashenzari.
  2439 | D:3      | Noticed Natasha
  2458 | D:3      | Killed Natasha
  2459 | D:3      | Reached skill level 2 in Poison Magic
  2532 | D:3      | Noticed Natasha
  2556 | D:3      | Killed Natasha
  2580 | D:3      | Noticed Natasha
  2641 | D:3      | Killed Natasha
  2642 | D:3      | Reached skill level 4 in Unarmed Combat
  2642 | D:3      | Reached skill level 3 in Spellcasting
  2642 | D:3      | Reached skill level 4 in Transmutations
  2723 | D:3      | Learned a level 4 spell: Ice Form
  2807 | D:4      | Reached XP level 6. HP: 47/47 MP: 8/10
  2832 | D:4      | Found a staircase to the Ecumenical Temple.
  2855 | Temple   | Entered the Ecumenical Temple
  2993 | Temple   | Became a worshipper of Ru the Awakened
  3103 | D:4      | Noticed Duvessa
  3103 | D:4      | Noticed Dowan
  3121 | D:4      | Killed Duvessa
  3122 | D:4      | Reached skill level 1 in Ice Magic
  3126 | D:4      | You pick up a book of Blood and begin reading...
  3126 | D:4      | You add the spells Sublimation of Blood and Summon Hydra to
                  | your library.
  3736 | D:4      | Killed Dowan
  3737 | D:4      | Reached skill level 2 in Ice Magic
  3784 | D:4      | Your scales start taking on a golden yellow colour.
  3784 | D:4      | Reached XP level 7. HP: 48/52 MP: 8/12
  3784 | D:4      | Gained mutation: You are resistant to acid. (rCorr) [Yellow
                  | Draconian growth]
  3835 | D:4      | You add the spells Sting, Poisonous Vapours and Olgreb's
                  | Toxic Radiance to your library.
  3887 | D:4      | Noticed Pargi
  3895 | D:4      | Killed Pargi
  3896 | D:4      | Reached skill level 5 in Transmutations
  4135 | D:5      | Entered Level 5 of the Dungeon
  4208 | D:5      | Reached skill level 3 in Ice Magic
  4348 | D:5      | Found Xefun's CLEARANCE SALE!.
  4372 | D:5      | Bought a scroll of identify for 6 gold pieces
  4414 | D:5      | HP: 15/62 [something (3)]
  4420 | D:5      | HP: 12/62 [something (1)]
  4421 | D:5      | HP: 2/62 [something/puff of flame (10)]
  4782 | D:5      | Reached skill level 4 in Spellcasting
  4926 | D:5      | Reached XP level 8. HP: 59/59 MP: 9/14
  4929 | D:5      | Found a shimmering altar of Xom.
  4941 | D:5      | Reached skill level 4 in Ice Magic
  4951 | D:5      | Reached skill level 5 in Unarmed Combat
  5074 | D:6      | Reached skill level 6 in Transmutations
  5198 | D:6      | Found an opulent altar of Gozag.
  5552 | D:6      | Reached skill level 5 in Ice Magic
  5855 | D:6      | Found a white marble altar of Elyvilon.
  6153 | D:6      | Reached skill level 7 in Transmutations
  6359 | D:7      | Reached XP level 9. HP: 64/64 MP: 11/16
  6476 | D:7      | Reached skill level 6 in Ice Magic
  6554 | D:7      | Found a basalt altar of Yredelemnul.
  6575 | D:7      | Reached skill level 5 in Spellcasting
  6659 | D:7      | Noticed Menkaure
  6813 | D:7      | Noticed Pikel
  6824 | D:7      | Killed Pikel
  6825 | D:7      | Reached skill level 6 in Unarmed Combat
  6845 | D:7      | Killed Menkaure
  6846 | D:7      | Reached skill level 8 in Transmutations
  7284 | D:8      | Reached skill level 7 in Ice Magic
  7476 | D:8      | You pick up a book of Lightning and begin reading...
  7476 | D:8      | You add the spells Static Discharge, Vhi's Electric Charge,
                  | Lightning Bolt and Arcjolt to your library.
  7662 | D:8      | Gained mutation: You are weak. (Str -2) [Ru sacrifice]
  8024 | D:8      | Found a radiant altar of Vehumet.
  8031 | D:8      | Found an ancient bone altar of Kikubaaqudgha.
  8043 | D:8      | Found a shimmering blue altar of Sif Muna.
  8097 | D:8      | HP: 13/68 [wight/+4 spear (8)]
  8097 | D:8      | Mangled by a wight

Vanquished Creatures
  Pikel (D:7)
  Menkaure (D:7)
  2 water moccasins
  Duvessa (D:4)
  Pargi (D:4)
  A black bear (D:6)
  An ice beast (D:5)
  An orc warrior (D:8)
  3 ogres
  A centaur (D:8)
  A phantom (D:5)
  A kobold brigand (D:8)
  2 bullfrogs
  3 scorpions
  Dowan (D:4)
  6 wights
  2 howler monkeys
  2 jellies (D:5)
  7 orc priests
  4 hounds
  4 iguanas
  Terence (D:3)
  Natasha (thrice) (D:3)
  10 orc wizards
  11 adders
  3 gnolls (D:6)
  A shadow imp (D:6)
  2 ufetubi
  A worm (D:5)
  A dart slug (D:3)
  25 orcs
  8 ball pythons
  3 bats
  8 endoplasms
  6 giant cockroaches
  3 goblins
  6 hobgoblins
  2 jackals (D:3)
  14 kobolds
  8 quokkas
  5 frilled lizards
  2 rats
169 creatures vanquished.

Table legend:
 A = Non-vault XP
 B = Vault XP
 C = Vault XP percentage of total XP
 D = Non-vault monster count
 E = Vault monster count
 F = Vault count percentage of total count
                 A         B        C        D         E       F
            +---------+---------+-------+---------+---------+-------
      Total |    3652 |    1425 |  28.1 |     155 |      14 |   8.3
            +---------+---------+-------+---------+---------+-------
        D:1 |      37 |       4 |   9.8 |      20 |       2 |   9.1
        D:2 |      60 |       0 |   0.0 |      21 |       0 |   0.0
        D:3 |     161 |      71 |  30.6 |      27 |       2 |   6.9
        D:4 |     268 |     349 |  56.6 |      12 |       3 |  20.0
        D:5 |     589 |      85 |  12.6 |      18 |       2 |  10.0
        D:6 |     990 |       0 |   0.0 |      17 |       0 |   0.0
        D:7 |     850 |     810 |  48.8 |      17 |       2 |  10.5
        D:8 |     697 |     106 |  13.2 |      23 |       3 |  11.5
            +---------+---------+-------+---------+---------+-------

Illustrated notes

Table legend:
 A = Kills in this place as a percentage of kills in entire the game.
 B = Kills by you in this place as a percentage of kills by you in the entire game.
 C = Kills by friends in this place as a percentage of kills by friends in the entire game.
 D = Other kills in this place as a percentage of other kills in the entire game.
 E = Experience gained in this place as a percentage of experience gained in the entire game.
 F = Experience gained in this place divided by the number of levels of this place that you have seen.
                   A       B       C       D       E      F
               +-------+-------+-------+-------+-------+----------------------
         Total | 100.0 | 100.0 |   N/A |   N/A | 100.0 | 564.1
       Dungeon | 100.0 | 100.0 |   N/A |   N/A | 100.0 | 634.6
               +-------+-------+-------+-------+-------+----------------------

Table legend: (Time is in decaauts)
 A = Elapsed time spent in this place.
 B = Non-inter-level travel time spent in this place.
 C = Inter-level travel time spent in this place.
 D = Time resting spent in this place.
 E = Time spent auto-exploring this place.
 F = Levels seen in this place.
 G = Mean time per level.
                   A        B        C        D        E       F      G
               +--------+--------+--------+--------+--------+-----+--------+
         Total |   8071 |   7795 |    276 |    517 |   5953 |   9 |  896.8 |
       Dungeon |   7922 |   7678 |    244 |    517 |   5844 |   8 |  990.2 |
        Temple |    148 |    116 |     32 |      0 |    109 |   1 |  148.0 |
               +--------+--------+--------+--------+--------+-----+--------+

Top non-repeatable levels by time:
     D:7: 1267 daAuts
     D:4: 1234 daAuts
     D:6: 1169 daAuts
     D:1: 977 daAuts
     D:3: 966 daAuts
     D:5: 918 daAuts
     D:2: 791 daAuts
     D:8: 596 daAuts
  Temple: 148 daAuts
